cohdb
Replays
Latest Replays
All Replays
Popular Replays
Top Player Replays
Match Explorer
How It Works
Community
CoH3 Stats
Reddit
Sign in to upload your games and track your stats! →
Sign in with Steam
Match 43232746
Unlisted
Match 43232746
Overview
Messages
Build Orders
End
Kradschützen Motorcycle Team
Selects Armored Support Battlegroup
Panzerpioneer Squad
Panzergrenadier Squad
250 Light Carrier
Panzergrenadier Squad
Selects Superior Fire Drills
Construct Light Support Kompanie
Selects Salvage Kits
Assault Mechanized Group
Fire Support Elements
Flakvierling Half-track
Veteran Squad Leaders
2.5-tonne Medical Truck
Trion
dBoome
General of the Felix Legions
jumperr
0
0
Comments
sign in to comment!
No comments posted yet!